 Dungeon Crawl Stone Soup version 0.31-a0-489-g282fc92437 (webtiles) character file.

Game seed: 11599636220699378786

602 Morbidden the Shooter (level 7, 0/54 HPs)
             Began as a Formicid Hunter on Aug 8, 2023.
             Slain by an ice beast (1 damage)
             ... on level 5 of the Dungeon.
             The game lasted 00:04:32 (3630 turns).

Morbidden the Shooter (Formicid Hunter)             Turns: 3630, Time: 00:04:33

Health: 0/54       AC:  3    Str: 16    XL:     7   Next: 69%
Magic:  7/7        EV: 13    Int: 14    God:
Gold:   221        SH:  0    Dex: 19    Spells: 6/6 levels left

rFire   . . .        b - +3 dagger
rCold   . . .        (no shield)
rNeg    . . .        c - +0 leather armour
rPois   .            (helmet unavailable)
rElec   .            (no cloak)
rCorr   .            (no gloves)
SInv    +            (no boots)
Will    .....        (no amulet)
Stlth   ++           g - +6 ring of intelligence
HPRegen 0.29/turn    (no ring)
MPRegen 0.10/turn

%: no passive effects
@: no status effects
A: permanent stasis, dig shafts and tunnels, antennae 3, four strong arms
a: Dig, Shaft Self


You were on level 5 of the Dungeon.
You visited 1 branch of the dungeon, and saw 5 of its levels.

You collected 221 gold pieces.

Inventory:

Hand Weapons
 a - a +0 shortbow
 b - a +3 dagger (weapon)
 o - a +0 dagger of protection
 p - a +0 rapier
Armour
 c - a +0 leather armour (worn)
Jewellery
 g - a +6 ring of intelligence (left hand)
Scrolls
 e - 2 scrolls of teleportation {unknown}
 f - a scroll of enchant armour {unknown}
 h - 2 scrolls of amnesia {unknown}
 j - 2 scrolls of identify {unknown}
 k - a scroll of butterflies
 l - a scroll of revelation {unknown}
 q - a scroll of enchant weapon {unknown}
 r - 2 scrolls of fog {unknown}
 s - a scroll of noise {unknown}
Potions
 i - a potion of brilliance {unknown}
 m - a potion of haste {unknown}
 n - a potion of enlightenment {unknown}


   Skills:
 * Level 4.0 Fighting
 * Level 1.7 Short Blades
 * Level 7.0 Ranged Weapons
 * Level 2.2 Armour
 * Level 2.9 Dodging
 + Level 1.2 Stealth


You had 6 spell levels left.
You didn't know any spells.
Your spell library contained the following spells:

 Spells                   Type           Power      Damage    Failure   Level
 Necrotise                Necr           0%         1d4       34%         1
 Frozen Ramparts          Ice            0%         1d1       71%         3
 Petrify                  Tmut/Erth      0%         N/A       98%         4
 Metabolic Englaciation   Hex/Ice        0%         N/A       100%        5


Dungeon Overview and Level Annotations

Branches:
Dungeon (5/15)
 Temple: D:4-7

Altars:
Kikubaaqudgha
Sif Muna
Vehumet
Wu Jian
The Shining One

Annotations:
D:4 Dowan, Duvessa


Innate Abilities, Weirdness & Mutations

You cannot be hasted, slowed, berserked, paralysed or teleported.
You can dig through walls and to a lower floor.
You have a pair of large antennae on your head. (SInv)
Your four strong arms can wield two-handed weapons with a shield.


Message History

You are too injured to fight recklessly!
Unknown command.
An ice beast is nearby!
You are too injured to fight recklessly!
Unknown command.
An ice beast is nearby!
You are too injured to fight recklessly!
Unknown command.
An ice beast is nearby!
You are too injured to fight recklessly!
Unknown command.
An ice beast is nearby!
You are too injured to fight recklessly!
Unknown command.
An ice beast is nearby!
You are too injured to fight recklessly!
Unknown command.
You are too injured to fight recklessly!
Unknown command.
Unknown command.
Fire: a) +0 shortbow
Press: ? - help, Q - select action, (/) - cycle Shift-Dir - straight line, f/p - ice beast
Aim: an ice beast (severely wounded, 66% to hit)
You shoot an arrow. The arrow hits the ice beast.
The ice beast is almost dead.
The ice beast hits you. The ice beast freezes you!
* * * LOW HITPOINT WARNING * * *
Fire: a) +0 shortbow
Press: ? - help, Q - select action, (/) - cycle Shift-Dir - straight line, f/p - ice beast
Aim: an ice beast (almost dead, 66% to hit)
You shoot an arrow. The arrow hits the ice beast.
The ice beast is almost dead.
The ice beast hits you.
* * * LOW HITPOINT WARNING * * *
The ice beast freezes you!
* * * LOW HITPOINT WARNING * * *
Unknown command.
b - a +3 dagger (weapon)
The ice beast hits you.
You die...

#####...##.## .........#
............# #........#
...###+####.#####......##
..### ⌠.⌠.#....##.....##
.##.##....#.##.>......#
.8...#._..#.###......##
.....#....#.# ##.....##
.....#....#.# #......#
.8...#._..#.# #@...#..#
.##.##....#....Y.....#.#
..### ⌠.⌠.#..#####...# .
...###+#### #...#
........ ....# ........
#...# .......# ....
......## ... .....##


You could see an ice beast.

Vanquished Creatures
  A black bear (D:5)
  A scorpion (D:5)
  3 hounds
  A gnoll bouda (D:5)
  2 iguanas (D:5)
  4 orc wizards
  3 adders
  6 gnolls
  A shadow imp (D:5)
  2 ufetubi (D:5)
  2 dart slugs
  11 orcs
  6 ball pythons
  A bat (D:1)
  8 endoplasms
  4 goblins
  3 hobgoblins
  7 jackals (D:2)
  5 quokkas
  2 frilled lizards
  6 kobolds
  2 rats (D:3)
81 creatures vanquished.

Notes
Turn   | Place    | Note
-------+----------+-------------------------------------------
     0 | D:1      | Morbidden the Formicid Hunter began the quest for the Orb.
     0 | D:1      | Reached XP level 1. HP: 16/16 MP: 1/1
   119 | D:1      | Reached XP level 2. HP: 23/23 MP: 2/2
   290 | D:1      | Reached XP level 3. HP: 27/28 MP: 3/3
   596 | D:2      | You fall into a shaft and drop 1 floor!
   742 | D:3      | You fall into a shaft and drop 2 floors!
   742 | D:5      | Entered Level 5 of the Dungeon
  1069 | D:5      | Reached skill level 5 in Ranged Weapons
  1069 | D:5      | Reached XP level 4. HP: 20/34 MP: 4/4
  1124 | D:5      | Noticed a scorpion
  1132 | D:5      | Killed a scorpion
  1133 | D:5      | Reached skill level 1 in Armour
  1133 | D:5      | Reached XP level 5. HP: 36/41 MP: 5/5
  1189 | D:4      | HP: 2/41 [orc/+0 flail (6)]
  1352 | D:3      | Identified the +5 whip of Excruciating Pain {freeze, rElec
                  | rF- rC++ Will+++}
  1470 | D:4      | Reached XP level 6. HP: 45/47 MP: 6/6
  1506 | D:4      | Reached skill level 6 in Ranged Weapons
  1710 | D:4      | Found an ancient bone altar of Kikubaaqudgha.
  1712 | D:4      | Found a shimmering blue altar of Sif Muna.
  1720 | D:4      | Found a radiant altar of Vehumet.
  1728 | D:4      | Got Kikubaaqudgha's Omnibus of Skeletons
  2357 | D:4      | Noticed Dowan
  2358 | D:4      | Noticed Duvessa
  2362 | D:4      | You fall into a shaft and drop 1 floor!
  2470 | D:5      | Reached skill level 1 in Short Blades
  2672 | D:5      | Reached XP level 7. HP: 52/52 MP: 7/7
  2682 | D:5      | Found an ornate altar of the Wu Jian Council.
  2684 | D:5      | Found a glowing golden altar of the Shining One.
  3034 | D:5      | Reached skill level 7 in Ranged Weapons
  3098 | D:5      | HP: 2/53 [orc wizard/+0 dagger (4)]
  3629 | D:5      | HP: 1/54 [ice beast (9)]
  3630 | D:5      | Slain by an ice beast

Illustrated notes

Levels and vault maps discovered:
D:1:      evilmike_arrival_rings, layout_basic
D:2:      layout_loops_ring, serial_shops, nicolae_shop_mannequins,
          nicolae_shop_drivethru, nicolae_shop_tiny_real_fake_doors, basic_altar
D:3:      layout_basic, mainiacjoe_overflow_surrounded_room,
          minmay_misc_feat_plants, uniq_crazy_yiuf_cottage
D:4:      layout_basic, grunt_temple_overflow_magic_moments, uniq_duvessa
D:5:      layout_cave_pods, jmf_multi_god_temple

Skill      XL: |  1  2  3  4  5  6  7 |
---------------+----------------------+-----
Dodging        | 2 |  2.9
Ranged Weapons | 5 6 7 |  7.0
Fighting       | 3 4 |  4.0
Armour         | 1 2 |  2.2
Short Blades   | 1 |  1.7
Stealth        | |  1.2

Action                     |  1- 3 |  4- 6 |  7- 9 || total
---------------------------+-------+-------+-------++-------
  Melee: Dagger            |       |     9 |     5 ||    14
         Rapier            |       |       |    13 ||    13
   Fire: Shortbow          |    96 |   147 |    62 ||   305
Ability: Dig               |     3 |     2 |       ||     5
         Shaft Self        |     2 |     1 |       ||     3
    Use: Potion            |       |       |     3 ||     3
 Armour: Leather armour    |    11 |    15 |    13 ||    39
  Dodge: Dodged            |    26 |    59 |    54 ||   139

Table legend: (Time is in decaauts)
 A = Elapsed time spent in this place.
 B = Non-inter-level travel time spent in this place.
 C = Inter-level travel time spent in this place.
 D = Time resting spent in this place.
 E = Time spent auto-exploring this place.
 F = Levels seen in this place.
 G = Mean time per level.
                   A        B        C        D        E       F      G
               +--------+--------+--------+--------+--------+-----+--------+
         Total |   3673 |   3505 |    168 |    908 |   1908 |   5 |  734.6 |
       Dungeon |   3673 |   3505 |    168 |    908 |   1908 |   5 |  734.6 |
               +--------+--------+--------+--------+--------+-----+--------+

Top non-repeatable levels by time:
     D:4: 1593 daAuts
     D:5: 1282 daAuts
     D:1: 500 daAuts
     D:3: 185 daAuts
     D:2: 112 daAuts
